Ducks vs Kings

Created - 26 janvier 2024 at 11:45

Goals
1 2 3 OT1 SO T
Ducks 0 1 3 0 2 5
Kings 2 0 2 0 1 4
Shots
1 2 3 OT1 SO T
Ducks 4 8 17 0 3 29
Kings 13 12 14 0 3 39

GoalsPenalties
1st period
1. Kings , Josh Mahura 1 (Jordan Oesterle 2, Gabriel Vilardi 6) at 17:10 (PP)
2. Kings , Kevin Labanc 10 (Jordan Oesterle 3, Gabriel Vilardi 7) at 17:48
Sean Durzi (LOS) for Fighting (Major) at 0:11
Thomas Chabot (ANA) for Fighting (Major) at 0:11
Pierre-Luc Dubois (ANA) for Hooking (Minor) at 16:37
2nd period
3. Ducks , Pierre-Luc Dubois 19 (Johnny Gaudreau 26, Thomas Chabot 14) at 6:34
Matt Dumba (LOS) for Hooking (Minor) at 10:13
Haydn Fleury (LOS) for Hooking (Minor) at 15:22
3rd period
4. Ducks , Pierre-Luc Dubois 20 (Johnny Gaudreau 27, Timo Meier 15) at 2:06
5. Kings , Tom Wilson 7 (Sean Durzi 16, Warren Foegele 19) at 3:26
6. Kings , Kevin Labanc 11 (Ilya Mikheyev 24, Gabriel Vilardi 8) at 5:37
7. Ducks , Mark Stone 18 (Ryan McDonagh 18, Johnny Gaudreau 28) at 5:45
8. Ducks , Cody Glass 5 (Steven Stamkos 31) at 16:07
Josh Mahura (LOS) for Tripping (Minor) at 10:43
Overtime #1
No Goal
Shootout
Ducks, Steven Stamkos - Goal!
Kings, Tom Wilson - Stopped by Carter Hart
Ducks, Mark Stone - Stopped by Jet Greaves
Kings, Warren Foegele - Goal!
Ducks, Johnny Gaudreau - Goal!
Kings, Derek Stepan - Shot Misses the Net
Goalie Stats
Carter Hart (ANA), 35 saves from 39 shots - (0,897), W, 23-23-8, 65:00 minutes
Jet Greaves (LOS), 25 saves from 29 shots - (0,862), OTL, 0-0-1, 65:00 minutes
3 StarsOfficial
1 - Johnny Gaudreau (ANA)
2 - Pierre-Luc Dubois (ANA)
3 - Kevin Labanc (LOS)
Referees : Jacqueline Howard and Beaudry Halkidis
Linesman : Kendall Hanley and Meghan Mallette
Game Note
Sean Durzi and Thomas Chabot fight to a draw at 0:11 of 1st period
Finance
Level 1 -- Attendance: 5120 (81%) -- Ticket Income $476,160
Level 2 -- Attendance: 5306 (98%) -- Ticket Income $259,994
Level 3 -- Attendance: 3810 (81%) -- Ticket Income $102,870
Level 4 -- Attendance: 4313 (94%) -- Ticket Income $64,695
Luxury Box -- Attendance: 1011 (92%) -- Ticket Income $191,079
Game was played at the Staples Center.
Total Attendance: 19560 (88%)
Total Ticket Income: $1,094,798
Other Income: $328,439
Total Income: $1,423,237



Team Name Goals Shots Shots Attemp Shots Blocked PIM HIT PP PK FO%
Ducks 52950177110 / 3 (0%)148%
Kings 43971811291 / 1 (100%)052%

Ducks
Player Name POS G A P +/- PIM HIT SHT SB MP PP MP PP SHT PK MP PK SHT FO% FOT GA TA
Cody GlassC1011002016:250:0000:00038% 800
Dylan LarkinC000-2011222:042:5000:00057% 2100
Jakob ChychrunD000-1010225:492:3100:3300% 003
Johnny GaudreauLW0332013324:103:0700:0000% 440
Josh MansonD0000012113:150:0000:3300% 002
Mark StoneRW1012001121:322:5000:0000% 001
Morgan GeekieC/RW0001012017:170:0000:3300% 200
Morgan RiellyD0002001223:363:2600:0000% 013
Nick RitchieLW000000004:020:0000:330100% 110
Oliver WahlstromRW000000000:310:0000:0000% 000
Oskar SundqvistC/RW0001011017:360:0000:000100% 100
Pierre-Luc DuboisC/LW2022217021:372:5000:00050% 1812
Riley StillmanD0000002212:480:0000:0000% 000
Ryan McDonaghD0112012124:433:2600:0000% 002
Steven StamkosC/LW011-2013022:083:0700:00067% 300
Thomas ChabotD011-1510223:372:3100:0000% 011
Timo MeierLW/RW011-2012123:153:0720:0000% 001
Vitali KravtsovLW/RW000000000:000:0000:0000% 000
Kings
Player Name POS G A P +/- PIM HIT SHT SB MP PP MP PP SHT PK MP PK SHT FO% FOT GA TA
Anthony DuclairLW/RW000-1022010:590:0000:0000% 010
Cal FooteD0000012017:060:0000:2700% 011
Colin BlackwellC/RW0000013011:220:0000:00067% 311
Derek StepanC/RW0000012021:180:2001:43044% 2510
Gabriel VilardiC/RW0330024017:080:1310:00053% 1913
Haydn FleuryD0000211016:320:0001:3400% 000
Ilya MikheyevLW/RW0110015017:000:1301:4300% 020
Jordan OesterleD0221032122:050:0902:1200% 001
Josh MahuraD1011212018:560:0911:2400% 010
Kevin LabancLW/RW2020015218:080:1301:0600% 010
Liam O'BrienLW0000020010:240:0000:0000% 000
Matt DumbaD000-2233225:370:2402:3210% 011
Philip TomasinoLW/RW000000019:230:0000:0000% 000
Robby FabbriC/LW000-1000012:200:0001:21060% 530
Sammy BlaisLW/RW000-1020013:150:0000:0000% 000
Sean DurziD011-2550124:510:2403:4500% 001
Tom WilsonRW1010007121:250:2003:08033% 320
Warren FoegeleLW/RW0110031021:100:2002:530100% 300

Ducks

5 vs 5 Forward
Line #Left WingCenterRight WingPHYDFOFWanted %Time %Time Play
1Steven StamkosDylan LarkinTimo Meier0144137%19:46
2Johnny GaudreauPierre-Luc DuboisMark Stone0233935%18:59
3Morgan GeekieCody GlassOskar Sundqvist0501526%13:48
4Pierre-Luc DuboisDylan LarkinMark Stone00552%0:57
5 vs 5 Defense
Line #DefenseDefensePHYDFOFWanted %Time %Time Play
1Thomas ChabotJakob Chychrun0414039%20:53
2Morgan RiellyRyan McDonagh0414038%20:33
3Josh MansonRiley Stillman0502023%12:04
4Ryan McDonaghRiley Stillman12200%0:00
Power Play Forward
Line #Left WingCenterRight WingPHYDFOFWanted %Time %Time Play
1Johnny GaudreauSteven StamkosTimo Meier0055252%3:07
2Pierre-Luc DuboisDylan LarkinMark Stone0054848%2:50
Power Play Defense
Line #DefenseDefensePHYDFOFWanted %Time %Time Play
1Morgan RiellyRyan McDonagh0145358%3:26
2Jakob ChychrunThomas Chabot0144742%2:31
Penalty Kill 4 Players Forward
Line #CenterWingPHYDFOFWanted %Time %Time Play
1Morgan GeekieNick Ritchie05052100%0:33
2Oskar SundqvistPierre-Luc Dubois050480%0:00
Penalty Kill 4 Players Defense
Line #DefenseDefensePHYDFOFWanted %Time %Time Play
1Jakob ChychrunJosh Manson05052100%0:33
2Ryan McDonaghRiley Stillman050480%0:00
Penalty Kill 3 Players
Line #WingPHYDFOFWanted %Time %Time PlayDefenseDefensePHYDFOFWanted %Time %Time Play
1Oskar Sundqvist140600%0:00 Jakob ChychrunRiley Stillman140600%0:00
2Morgan Geekie140400%0:00 Josh MansonRyan McDonagh140400%0:00
4 vs 4 Forward
Line #CenterWingPHYDFOFWanted %Time %Time Play
1Dylan LarkinJohnny Gaudreau023500%0:00
2Steven StamkosPierre-Luc Dubois113500%0:00
4 vs 4 Defense
Line #DefensePHYDFOFWanted %Time %Time Play
1Ryan McDonaghThomas Chabot050550%0:00
2Jakob ChychrunMorgan Rielly050450%0:00
Last Minutes Offensive
Left WingCenterRight WingDefenseDefense
Steven StamkosDylan LarkinJohnny GaudreauMorgan RiellyThomas Chabot
Last Minutes Defensive
Left WingCenterRight WingDefenseDefense
Oskar SundqvistPierre-Luc DuboisMark StoneJakob ChychrunRyan McDonagh
Time
Total ForwardTotal DefenseLast Minutes OffensiveLast Minutes Defensive
60:00 60:00 0:000:00
Extra Forwards
Normal PowerPlayPenalty Kill
Pierre-Luc Dubois, Oskar Sundqvist, Timo MeierOskar Sundqvist, Pierre-Luc DuboisOskar Sundqvist
Extra Defensemen
Normal PowerPlayPenalty Kill
Josh Manson, Riley Stillman, Ryan McDonaghRiley Stillman, Thomas ChabotMorgan Rielly
Penalty Shots
Steven Stamkos, Mark Stone, Johnny Gaudreau, Dylan Larkin, Timo Meier
Goalie
Carter Hart, Cal Petersen
Scratches
None

Kings

5 vs 5 Forward
Line #Left WingCenterRight WingPHYDFOFWanted %Time %Time Play
1Warren FoegeleDerek StepanTom Wilson1224034%17:57
2Ilya MikheyevGabriel VilardiKevin Labanc1223029%15:26
3Sammy BlaisRobby FabbriAnthony Duclair1222020%10:44
4Liam O'BrienColin BlackwellPhilip Tomasino1221018%9:23
5 vs 5 Defense
Line #DefenseDefensePHYDFOFWanted %Time %Time Play
1Matt DumbaSean Durzi1224039%20:55
2Josh MahuraJordan Oesterle1223032%16:54
3Cal FooteHaydn Fleury1222024%12:41
4Matt DumbaSean Durzi122106%3:00
Power Play Forward
Line #Left WingCenterRight WingPHYDFOFWanted %Time %Time Play
1Warren FoegeleDerek StepanTom Wilson1226061%0:20
2Ilya MikheyevGabriel VilardiKevin Labanc1224039%0:13
Power Play Defense
Line #DefenseDefensePHYDFOFWanted %Time %Time Play
1Matt DumbaSean Durzi1226073%0:24
2Josh MahuraJordan Oesterle1224027%0:09
Penalty Kill 4 Players Forward
Line #CenterWingPHYDFOFWanted %Time %Time Play
1Tom WilsonWarren Foegele1226071%4:14
2Derek StepanIlya Mikheyev1224029%1:43
Penalty Kill 4 Players Defense
Line #DefenseDefensePHYDFOFWanted %Time %Time Play
1Matt DumbaSean Durzi1226063%3:45
2Josh MahuraJordan Oesterle1224037%2:12
Penalty Kill 3 Players
Line #WingPHYDFOFWanted %Time %Time PlayDefenseDefensePHYDFOFWanted %Time %Time Play
1Tom Wilson122600%0:00 Matt DumbaSean Durzi122600%0:00
2Warren Foegele122400%0:00 Josh MahuraJordan Oesterle122400%0:00
4 vs 4 Forward
Line #CenterWingPHYDFOFWanted %Time %Time Play
1Tom WilsonWarren Foegele122600%0:00
2Derek StepanIlya Mikheyev122400%0:00
4 vs 4 Defense
Line #DefensePHYDFOFWanted %Time %Time Play
1Matt DumbaSean Durzi122600%0:00
2Josh MahuraJordan Oesterle122400%0:00
Last Minutes Offensive
Left WingCenterRight WingDefenseDefense
Warren FoegeleDerek StepanTom WilsonMatt DumbaSean Durzi
Last Minutes Defensive
Left WingCenterRight WingDefenseDefense
Warren FoegeleDerek StepanTom WilsonMatt DumbaSean Durzi
Time
Total ForwardTotal DefenseLast Minutes OffensiveLast Minutes Defensive
60:00 60:00 0:000:00
Extra Forwards
Normal PowerPlayPenalty Kill
Sammy Blais, Anthony Duclair, Robby FabbriSammy Blais, Anthony DuclairRobby Fabbri
Extra Defensemen
Normal PowerPlayPenalty Kill
Cal Foote, Haydn Fleury, Josh MahuraCal Foote, Haydn FleuryJosh Mahura
Penalty Shots
Tom Wilson, Warren Foegele, Derek Stepan, Ilya Mikheyev, Gabriel Vilardi
Goalie
Jet Greaves, Ville Husso
Scratches
Sean Couturier (Healthy)


Play-by-Play

1st period


0:01 of 1st period - Dylan Larkin wins face-off versus Derek Stepan in neutral zone.
0:11 of 1st period - Sean Durzi and Thomas Chabot fight to a draw.
0:11 of 1st period - Penalty to Sean Durzi for Fighting.
0:11 of 1st period - Penalty to Thomas Chabot for Fighting.
0:12 of 1st period - Gabriel Vilardi wins face-off versus Pierre-Luc Dubois in Ducks zone.
0:15 of 1st period - Snap shot by Ilya Mikheyev.
0:15 of 1st period - Stopped by Carter Hart without a rebound.
0:16 of 1st period - Gabriel Vilardi wins face-off versus Pierre-Luc Dubois in Ducks zone.
0:33 of 1st period - Snap shot by Ilya Mikheyev.
0:33 of 1st period - Shot Blocked by Morgan Rielly.
1:19 of 1st period - Slapshot by Philip Tomasino.
1:19 of 1st period - Shot Misses the Net.
1:21 of 1st period - Wrist shot by Colin Blackwell.
1:21 of 1st period - Shot Misses the Net.
2:40 of 1st period - Steven Stamkos is hit by Haydn Fleury and loses puck.
3:27 of 1st period - Cody Glass is hit by Kevin Labanc and loses puck.
4:53 of 1st period - Slapshot by Colin Blackwell.
4:53 of 1st period - Stopped by Carter Hart without a rebound.
4:54 of 1st period - Gabriel Vilardi wins face-off versus Morgan Geekie in Ducks zone.
5:27 of 1st period - Pierre-Luc Dubois is hit by Anthony Duclair and loses puck.
5:32 of 1st period - Wrist shot by Robby Fabbri.
5:32 of 1st period - Shot Misses the Net.
5:34 of 1st period - Slapshot by Sean Durzi.
5:34 of 1st period - Shot Blocked by Dylan Larkin.
6:24 of 1st period - Johnny Gaudreau is hit by Anthony Duclair and loses puck.
6:41 of 1st period - Ryan McDonagh is hit by Matt Dumba and loses puck.
6:50 of 1st period - Snap shot by Kevin Labanc.
6:50 of 1st period - Deflect By Gabriel Vilardi.
6:50 of 1st period - Shot Blocked by Ryan McDonagh.
6:50 of 1st period - Puck is out of play.
6:51 of 1st period - Derek Stepan wins face-off versus Dylan Larkin in Ducks zone.
7:33 of 1st period - Icing by Cal Foote.
7:34 of 1st period - Dylan Larkin wins face-off versus Gabriel Vilardi in Kings zone.
7:55 of 1st period - Kevin Labanc is hit by Dylan Larkin and loses puck.
8:18 of 1st period - Snap shot by Derek Stepan.
8:18 of 1st period - Deflect By Tom Wilson.
8:18 of 1st period - Shot Misses the Net.
8:18 of 1st period - Puck is out of play.
8:19 of 1st period - Robby Fabbri wins face-off versus Pierre-Luc Dubois in Ducks zone.
9:06 of 1st period - Slapshot by Josh Mahura.
9:06 of 1st period - Stopped by Carter Hart without a rebound.
9:07 of 1st period - Gabriel Vilardi wins face-off versus Cody Glass in Ducks zone.
9:14 of 1st period - Snap shot by Oskar Sundqvist.
9:14 of 1st period - Deflect By Cody Glass.
9:14 of 1st period - Stopped by Jet Greaves with a rebound.
9:16 of 1st period - Wrist shot by Oskar Sundqvist.
9:16 of 1st period - Deflect By Morgan Geekie.
9:16 of 1st period - Shot Blocked by Kevin Labanc.
9:16 of 1st period - Puck is out of play.
9:17 of 1st period - Derek Stepan wins face-off versus Johnny Gaudreau in Kings zone.
9:17 of 1st period - Derek Stepan is hit by Pierre-Luc Dubois.
9:27 of 1st period - Wrist shot by Pierre-Luc Dubois.
9:27 of 1st period - Shot Misses the Net.
9:29 of 1st period - Slapshot by Morgan Rielly.
9:29 of 1st period - Shot Blocked by Tom Wilson.
9:31 of 1st period - Wrist shot by Johnny Gaudreau.
9:31 of 1st period - Shot Misses the Net.
9:33 of 1st period - Wrist shot by Mark Stone.
9:33 of 1st period - Shot Blocked by Matt Dumba.
9:43 of 1st period - Morgan Rielly is hit by Sammy Blais and loses puck.
10:11 of 1st period - Slapshot by Kevin Labanc.
10:11 of 1st period - Shot Blocked by Jakob Chychrun.
10:13 of 1st period - Snap shot by Gabriel Vilardi.
10:13 of 1st period - Stopped by Carter Hart with a rebound.
10:15 of 1st period - Slapshot by Sean Durzi.
10:15 of 1st period - Shot Blocked by Thomas Chabot.
10:36 of 1st period - Snap shot by Pierre-Luc Dubois.
10:36 of 1st period - Stopped by Jet Greaves with a rebound.
12:23 of 1st period - Wrist shot by Kevin Labanc.
12:23 of 1st period - Stopped by Carter Hart with a rebound.
12:25 of 1st period - Snap shot by Kevin Labanc.
12:25 of 1st period - Stopped by Carter Hart with a rebound.
12:51 of 1st period - Haydn Fleury is hit by Josh Manson and loses puck.
13:22 of 1st period - Icing by Morgan Rielly.
13:23 of 1st period - Dylan Larkin wins face-off versus Robby Fabbri in Ducks zone.
13:38 of 1st period - Slapshot by Matt Dumba.
13:38 of 1st period - Deflect By Pierre-Luc Dubois.
13:38 of 1st period - Stopped by Carter Hart with a rebound.
13:44 of 1st period - Wrist shot by Kevin Labanc.
13:44 of 1st period - Deflect By Gabriel Vilardi.
13:44 of 1st period - Stopped by Carter Hart without a rebound.
13:45 of 1st period - Dylan Larkin wins face-off versus Gabriel Vilardi in Ducks zone.
13:45 of 1st period - Dylan Larkin is hit by Josh Mahura.
14:09 of 1st period - Mark Stone is hit by Warren Foegele and loses puck.
14:16 of 1st period - Wrist shot by Derek Stepan.
14:16 of 1st period - Shot Blocked by Mark Stone.
15:36 of 1st period - Wrist shot by Tom Wilson.
15:36 of 1st period - Stopped by Carter Hart without a rebound.
15:37 of 1st period - Dylan Larkin wins face-off versus Derek Stepan in Ducks zone.
15:43 of 1st period - Snap shot by Derek Stepan.
15:43 of 1st period - Stopped by Carter Hart with a rebound.
16:20 of 1st period - Wrist shot by Dylan Larkin.
16:20 of 1st period - Deflect By Sean Durzi.
16:20 of 1st period - Shot Misses the Net.
16:20 of 1st period - Puck is out of play.
16:21 of 1st period - Pierre-Luc Dubois wins face-off versus Gabriel Vilardi in Kings zone.
16:24 of 1st period - Snap shot by Johnny Gaudreau.
16:24 of 1st period - Stopped by Jet Greaves with a rebound.
16:26 of 1st period - Slapshot by Josh Manson.
16:26 of 1st period - Stopped by Jet Greaves with a rebound.
16:37 of 1st period - Minor Penalty to Pierre-Luc Dubois for Hooking.
16:38 of 1st period - Nick Ritchie wins face-off versus Derek Stepan in Ducks zone.
16:38 of 1st period - Nick Ritchie is hit by Warren Foegele.
17:06 of 1st period - Snap shot by Gabriel Vilardi.
17:06 of 1st period - Stopped by Carter Hart with a rebound.
17:08 of 1st period - Slapshot by Jordan Oesterle.
17:08 of 1st period - Shot Misses the Net.
17:10 of 1st period - Slapshot by Josh Mahura.
17:10 of 1st period - Goal by Josh Mahura - Ducks : 0 - Kings : 1.
17:11 of 1st period - Pierre-Luc Dubois wins face-off versus Derek Stepan in neutral zone.
17:48 of 1st period - Snap shot by Kevin Labanc.
17:48 of 1st period - Goal by Kevin Labanc - Ducks : 0 - Kings : 2.
17:49 of 1st period - Pierre-Luc Dubois wins face-off versus Derek Stepan in neutral zone.
19:03 of 1st period - Snap shot by Jordan Oesterle.
19:03 of 1st period - Shot Misses the Net.
19:47 of 1st period - Liam O'Brien is hit by Oskar Sundqvist and loses puck.
Goals for this period are 0 for Ducks vs 2 for Kings.
Shots for this period are 4 for Ducks vs 13 for Kings.

2nd period


0:01 of 2nd period - Derek Stepan wins face-off versus Johnny Gaudreau in neutral zone.
0:06 of 2nd period - Wrist shot by Tom Wilson.
0:06 of 2nd period - Shot Blocked by Johnny Gaudreau.
0:16 of 2nd period - Wrist shot by Pierre-Luc Dubois.
0:16 of 2nd period - Stopped by Jet Greaves with a rebound.
0:56 of 2nd period - Morgan Geekie is hit by Jordan Oesterle and loses puck.
1:01 of 2nd period - Wrist shot by Sammy Blais.
1:01 of 2nd period - Shot Misses the Net.
1:20 of 2nd period - Snap shot by Oskar Sundqvist.
1:20 of 2nd period - Stopped by Jet Greaves with a rebound.
1:34 of 2nd period - Slapshot by Oskar Sundqvist.
1:34 of 2nd period - Shot Misses the Net.
1:36 of 2nd period - Wrist shot by Josh Manson.
1:36 of 2nd period - Deflect By Morgan Geekie.
1:36 of 2nd period - Stopped by Jet Greaves without a rebound.
1:37 of 2nd period - Pierre-Luc Dubois wins face-off versus Colin Blackwell in Kings zone.
1:40 of 2nd period - Snap shot by Pierre-Luc Dubois.
1:40 of 2nd period - Stopped by Jet Greaves with a rebound.
2:41 of 2nd period - Snap shot by Johnny Gaudreau.
2:41 of 2nd period - Shot Misses the Net.
2:47 of 2nd period - Johnny Gaudreau is hit by Colin Blackwell and loses puck.
2:55 of 2nd period - Off-side.
2:56 of 2nd period - Dylan Larkin wins face-off versus Derek Stepan in neutral zone.
3:03 of 2nd period - Tom Wilson is hit by Steven Stamkos and loses puck.
3:11 of 2nd period - Icing by Josh Mahura.
3:12 of 2nd period - Derek Stepan wins face-off versus Dylan Larkin in Kings zone.
3:19 of 2nd period - Snap shot by Derek Stepan.
3:19 of 2nd period - Shot Blocked by Thomas Chabot.
4:31 of 2nd period - Snap shot by Kevin Labanc.
4:31 of 2nd period - Deflect By Gabriel Vilardi.
4:31 of 2nd period - Stopped by Carter Hart without a rebound.
4:32 of 2nd period - Gabriel Vilardi wins face-off versus Pierre-Luc Dubois in Ducks zone.
4:47 of 2nd period - Snap shot by Ilya Mikheyev.
4:47 of 2nd period - Stopped by Carter Hart without a rebound.
4:48 of 2nd period - Warren Foegele wins face-off versus Dylan Larkin in Ducks zone.
5:03 of 2nd period - Snap shot by Dylan Larkin.
5:03 of 2nd period - Shot Misses the Net.
5:05 of 2nd period - Slapshot by Steven Stamkos.
5:05 of 2nd period - Stopped by Jet Greaves without a rebound.
5:06 of 2nd period - Gabriel Vilardi wins face-off versus Pierre-Luc Dubois in Kings zone.
5:11 of 2nd period - Slapshot by Ilya Mikheyev.
5:11 of 2nd period - Shot Blocked by Morgan Rielly.
5:33 of 2nd period - Steven Stamkos is hit by Warren Foegele and loses puck.
5:56 of 2nd period - Wrist shot by Sammy Blais.
5:56 of 2nd period - Shot Misses the Net.
5:58 of 2nd period - Slapshot by Jordan Oesterle.
5:58 of 2nd period - Deflect By Thomas Chabot.
5:58 of 2nd period - Stopped by Carter Hart without a rebound.
5:59 of 2nd period - Robby Fabbri wins face-off versus Pierre-Luc Dubois in Ducks zone.
6:04 of 2nd period - Snap shot by Anthony Duclair.
6:04 of 2nd period - Shot Blocked by Johnny Gaudreau.
6:34 of 2nd period - Wrist shot by Pierre-Luc Dubois.
6:34 of 2nd period - Goal by Pierre-Luc Dubois - Ducks : 1 - Kings : 2.
6:35 of 2nd period - Derek Stepan wins face-off versus Dylan Larkin in neutral zone.
6:38 of 2nd period - Morgan Rielly is hit by Sean Durzi and loses puck.
6:45 of 2nd period - Wrist shot by Tom Wilson.
6:45 of 2nd period - Stopped by Carter Hart with a rebound.
6:47 of 2nd period - Wrist shot by Derek Stepan.
6:47 of 2nd period - Shot Misses the Net.
8:18 of 2nd period - Wrist shot by Anthony Duclair.
8:18 of 2nd period - Stopped by Carter Hart without a rebound.
8:19 of 2nd period - Robby Fabbri wins face-off versus Cody Glass in Ducks zone.
8:31 of 2nd period - Icing by Morgan Geekie.
8:32 of 2nd period - Cody Glass wins face-off versus Derek Stepan in Ducks zone.
8:49 of 2nd period - Snap shot by Tom Wilson.
8:49 of 2nd period - Stopped by Carter Hart with a rebound.
8:54 of 2nd period - Morgan Rielly is hit by Sean Durzi and loses puck.
9:08 of 2nd period - Icing by Morgan Rielly.
9:09 of 2nd period - Derek Stepan wins face-off versus Cody Glass in Ducks zone.
9:42 of 2nd period - Snap shot by Ilya Mikheyev.
9:42 of 2nd period - Stopped by Carter Hart with a rebound.
9:44 of 2nd period - Snap shot by Kevin Labanc.
9:44 of 2nd period - Stopped by Carter Hart without a rebound.
9:45 of 2nd period - Dylan Larkin wins face-off versus Derek Stepan in Ducks zone.
10:13 of 2nd period - Minor Penalty to Matt Dumba for Hooking.
10:14 of 2nd period - Steven Stamkos wins face-off versus Tom Wilson in Kings zone.
10:15 of 2nd period - Snap shot by Timo Meier.
10:15 of 2nd period - Stopped by Jet Greaves with a rebound.
11:55 of 2nd period - Cal Foote is hit by Johnny Gaudreau and loses puck.
12:06 of 2nd period - Ryan McDonagh is hit by Cal Foote and loses puck.
12:13 of 2nd period - Penalty to Matt Dumba is over, Matt Dumba is back on ice.
12:13 of 2nd period - Mark Stone is hit by Ilya Mikheyev and loses puck.
12:39 of 2nd period - Off-side.
12:40 of 2nd period - Colin Blackwell wins face-off versus Cody Glass in neutral zone.
13:16 of 2nd period - Snap shot by Colin Blackwell.
13:16 of 2nd period - Stopped by Carter Hart with a rebound.
13:18 of 2nd period - Snap shot by Josh Mahura.
13:18 of 2nd period - Shot Blocked by Riley Stillman.
13:40 of 2nd period - Snap shot by Colin Blackwell.
13:40 of 2nd period - Stopped by Carter Hart with a rebound.
13:58 of 2nd period - Snap shot by Colin Blackwell.
13:58 of 2nd period - Deflect By Philip Tomasino.
13:58 of 2nd period - Shot Blocked by Josh Manson.
13:58 of 2nd period - Puck is out of play.
13:59 of 2nd period - Warren Foegele wins face-off versus Dylan Larkin in Ducks zone.
14:26 of 2nd period - Jakob Chychrun is hit by Gabriel Vilardi and loses puck.
14:39 of 2nd period - Snap shot by Gabriel Vilardi.
14:39 of 2nd period - Shot Misses the Net.
14:53 of 2nd period - Wrist shot by Sammy Blais.
14:53 of 2nd period - Shot Misses the Net.
14:55 of 2nd period - Snap shot by Anthony Duclair.
14:55 of 2nd period - Stopped by Carter Hart without a rebound.
14:56 of 2nd period - Dylan Larkin wins face-off versus Derek Stepan in Ducks zone.
15:13 of 2nd period - Slapshot by Kevin Labanc.
15:13 of 2nd period - Shot Misses the Net.
15:22 of 2nd period - Minor Penalty to Haydn Fleury for Hooking.
15:23 of 2nd period - Tom Wilson wins face-off versus Steven Stamkos in Kings zone.
16:34 of 2nd period - Thomas Chabot is hit by Jordan Oesterle and loses puck.
17:22 of 2nd period - Penalty to Haydn Fleury is over, Haydn Fleury is back on ice.
17:33 of 2nd period - Haydn Fleury is hit by Morgan Geekie and loses puck.
17:42 of 2nd period - Wrist shot by Morgan Geekie.
17:42 of 2nd period - Shot Blocked by Philip Tomasino.
17:44 of 2nd period - Wrist shot by Riley Stillman.
17:44 of 2nd period - Stopped by Jet Greaves with a rebound.
18:57 of 2nd period - Matt Dumba is hit by Ryan McDonagh and loses puck.
19:04 of 2nd period - Ryan McDonagh is hit by Sean Durzi and loses puck.
19:51 of 2nd period - Slapshot by Matt Dumba.
19:51 of 2nd period - Stopped by Carter Hart without a rebound.
19:52 of 2nd period - Warren Foegele wins face-off versus Johnny Gaudreau in Ducks zone.
19:59 of 2nd period - Snap shot by Derek Stepan.
19:59 of 2nd period - Shot Blocked by Riley Stillman.
Goals for this period are 1 for Ducks vs 0 for Kings.
Shots for this period are 8 for Ducks vs 12 for Kings.

3rd period


0:01 of 3rd period - Dylan Larkin wins face-off versus Derek Stepan in neutral zone.
0:08 of 3rd period - Snap shot by Timo Meier.
0:08 of 3rd period - Shot Misses the Net.
0:10 of 3rd period - Slapshot by Steven Stamkos.
0:10 of 3rd period - Shot Blocked by Matt Dumba.
0:12 of 3rd period - Slapshot by Jakob Chychrun.
0:12 of 3rd period - Shot Blocked by Sean Durzi.
0:14 of 3rd period - Snap shot by Dylan Larkin.
0:14 of 3rd period - Stopped by Jet Greaves without a rebound.
0:15 of 3rd period - Pierre-Luc Dubois wins face-off versus Gabriel Vilardi in Kings zone.
0:42 of 3rd period - Matt Dumba is hit by Jakob Chychrun and loses puck.
1:07 of 3rd period - Snap shot by Morgan Geekie.
1:07 of 3rd period - Stopped by Jet Greaves with a rebound.
1:09 of 3rd period - Slapshot by Josh Manson.
1:09 of 3rd period - Stopped by Jet Greaves without a rebound.
1:10 of 3rd period - Pierre-Luc Dubois wins face-off versus Gabriel Vilardi in Kings zone.
1:19 of 3rd period - Wrist shot by Gabriel Vilardi.
1:19 of 3rd period - Deflect By Ilya Mikheyev.
1:19 of 3rd period - Stopped by Carter Hart without a rebound.
1:20 of 3rd period - Pierre-Luc Dubois wins face-off versus Gabriel Vilardi in Ducks zone.
1:29 of 3rd period - Icing by Gabriel Vilardi.
1:30 of 3rd period - Gabriel Vilardi wins face-off versus Dylan Larkin in Kings zone.
1:36 of 3rd period - Off-side.
1:37 of 3rd period - Derek Stepan wins face-off versus Dylan Larkin in neutral zone.
1:50 of 3rd period - Slapshot by Morgan Rielly.
1:50 of 3rd period - Stopped by Jet Greaves with a rebound.
1:52 of 3rd period - Snap shot by Steven Stamkos.
1:52 of 3rd period - Stopped by Jet Greaves with a rebound.
2:06 of 3rd period - Snap shot by Pierre-Luc Dubois.
2:06 of 3rd period - Goal by Pierre-Luc Dubois - Ducks : 2 - Kings : 2.
2:07 of 3rd period - Derek Stepan wins face-off versus Dylan Larkin in neutral zone.
2:16 of 3rd period - Snap shot by Warren Foegele.
2:16 of 3rd period - Stopped by Carter Hart without a rebound.
2:17 of 3rd period - Dylan Larkin wins face-off versus Derek Stepan in Ducks zone.
3:22 of 3rd period - Snap shot by Tom Wilson.
3:22 of 3rd period - Shot Blocked by Dylan Larkin.
3:24 of 3rd period - Wrist shot by Warren Foegele.
3:24 of 3rd period - Shot Misses the Net.
3:26 of 3rd period - Slapshot by Sean Durzi.
3:26 of 3rd period - Deflect By Tom Wilson.
3:26 of 3rd period - Goal by Tom Wilson - Ducks : 2 - Kings : 3.
3:27 of 3rd period - Gabriel Vilardi wins face-off versus Pierre-Luc Dubois in neutral zone.
4:10 of 3rd period - Icing by Haydn Fleury.
4:11 of 3rd period - Colin Blackwell wins face-off versus Cody Glass in Kings zone.
4:11 of 3rd period - Colin Blackwell is hit by Thomas Chabot.
4:53 of 3rd period - Slapshot by Cal Foote.
4:53 of 3rd period - Stopped by Carter Hart without a rebound.
4:54 of 3rd period - Pierre-Luc Dubois wins face-off versus Derek Stepan in Ducks zone.
5:01 of 3rd period - Snap shot by Johnny Gaudreau.
5:01 of 3rd period - Stopped by Jet Greaves with a rebound.
5:03 of 3rd period - Slapshot by Johnny Gaudreau.
5:03 of 3rd period - Deflect By Pierre-Luc Dubois.
5:03 of 3rd period - Stopped by Jet Greaves without a rebound.
5:04 of 3rd period - Derek Stepan wins face-off versus Dylan Larkin in Kings zone.
5:15 of 3rd period - Snap shot by Tom Wilson.
5:15 of 3rd period - Stopped by Carter Hart with a rebound.
5:17 of 3rd period - Snap shot by Tom Wilson.
5:17 of 3rd period - Stopped by Carter Hart with a rebound.
5:19 of 3rd period - Snap shot by Sean Durzi.
5:19 of 3rd period - Shot Blocked by Timo Meier.
5:29 of 3rd period - Wrist shot by Tom Wilson.
5:29 of 3rd period - Stopped by Carter Hart without a rebound.
5:30 of 3rd period - Gabriel Vilardi wins face-off versus Johnny Gaudreau in Ducks zone.
5:37 of 3rd period - Wrist shot by Kevin Labanc.
5:37 of 3rd period - Goal by Kevin Labanc - Ducks : 2 - Kings : 4.
5:38 of 3rd period - Derek Stepan wins face-off versus Pierre-Luc Dubois in neutral zone.
5:41 of 3rd period - Snap shot by Johnny Gaudreau.
5:41 of 3rd period - Stopped by Jet Greaves with a rebound.
5:43 of 3rd period - Slapshot by Ryan McDonagh.
5:43 of 3rd period - Stopped by Jet Greaves with a rebound.
5:45 of 3rd period - Wrist shot by Mark Stone.
5:45 of 3rd period - Goal by Mark Stone - Ducks : 3 - Kings : 4.
5:46 of 3rd period - Derek Stepan wins face-off versus Pierre-Luc Dubois in neutral zone.
5:54 of 3rd period - Snap shot by Derek Stepan.
5:54 of 3rd period - Stopped by Carter Hart with a rebound.
6:12 of 3rd period - Steven Stamkos is hit by Matt Dumba and loses puck.
6:25 of 3rd period - Kevin Labanc is hit by Timo Meier and loses puck.
7:02 of 3rd period - Snap shot by Liam O'Brien.
7:02 of 3rd period - Shot Misses the Net.
7:04 of 3rd period - Slapshot by Philip Tomasino.
7:04 of 3rd period - Shot Blocked by Jakob Chychrun.
7:40 of 3rd period - Slapshot by Jakob Chychrun.
7:40 of 3rd period - Shot Misses the Net.
8:10 of 3rd period - Cody Glass is hit by Liam O'Brien and loses puck.
8:23 of 3rd period - Ryan McDonagh is hit by Liam O'Brien and loses puck.
8:34 of 3rd period - Ryan McDonagh is hit by Derek Stepan and loses puck.
8:58 of 3rd period - Slapshot by Cody Glass.
8:58 of 3rd period - Shot Blocked by Jordan Oesterle.
9:00 of 3rd period - Slapshot by Oskar Sundqvist.
9:00 of 3rd period - Shot Misses the Net.
9:02 of 3rd period - Slapshot by Ryan McDonagh.
9:02 of 3rd period - Stopped by Jet Greaves without a rebound.
9:03 of 3rd period - Pierre-Luc Dubois wins face-off versus Derek Stepan in Kings zone.
9:08 of 3rd period - Mark Stone is hit by Sean Durzi and loses puck.
9:19 of 3rd period - Slapshot by Pierre-Luc Dubois.
9:19 of 3rd period - Stopped by Jet Greaves with a rebound.
9:41 of 3rd period - Snap shot by Ilya Mikheyev.
9:41 of 3rd period - Stopped by Carter Hart with a rebound.
10:43 of 3rd period - Minor Penalty to Josh Mahura for Tripping.
10:44 of 3rd period - Steven Stamkos wins face-off versus Tom Wilson in Kings zone.
10:46 of 3rd period - Snap shot by Timo Meier.
10:46 of 3rd period - Deflect By Warren Foegele.
10:46 of 3rd period - Stopped by Jet Greaves with a rebound.
12:29 of 3rd period - Snap shot by Matt Dumba.
12:29 of 3rd period - Stopped by Carter Hart without a rebound.
12:30 of 3rd period - Dylan Larkin wins face-off versus Derek Stepan in Ducks zone.
12:43 of 3rd period - Penalty to Josh Mahura is over, Josh Mahura is back on ice.
12:56 of 3rd period - Wrist shot by Cody Glass.
12:56 of 3rd period - Shot Misses the Net.
12:58 of 3rd period - Slapshot by Riley Stillman.
12:58 of 3rd period - Shot Misses the Net.
13:00 of 3rd period - Slapshot by Riley Stillman.
13:00 of 3rd period - Stopped by Jet Greaves with a rebound.
13:22 of 3rd period - Josh Manson is hit by Sammy Blais and loses puck.
13:35 of 3rd period - Slapshot by Jordan Oesterle.
13:35 of 3rd period - Deflect By Jakob Chychrun.
13:35 of 3rd period - Stopped by Carter Hart without a rebound.
13:36 of 3rd period - Cody Glass wins face-off versus Gabriel Vilardi in Ducks zone.
14:37 of 3rd period - Off-side.
14:38 of 3rd period - Cody Glass wins face-off versus Gabriel Vilardi in neutral zone.
15:04 of 3rd period - Dylan Larkin is hit by Matt Dumba and loses puck.
15:35 of 3rd period - Snap shot by Anthony Duclair.
15:35 of 3rd period - Shot Blocked by Johnny Gaudreau.
15:37 of 3rd period - Slapshot by Haydn Fleury.
15:37 of 3rd period - Stopped by Carter Hart with a rebound.
15:39 of 3rd period - Slapshot by Cal Foote.
15:39 of 3rd period - Stopped by Carter Hart with a rebound.
16:07 of 3rd period - Snap shot by Cody Glass.
16:07 of 3rd period - Goal by Cody Glass - Ducks : 4 - Kings : 4.
16:08 of 3rd period - Dylan Larkin wins face-off versus Robby Fabbri in neutral zone.
16:21 of 3rd period - Wrist shot by Dylan Larkin.
16:21 of 3rd period - Deflect By Steven Stamkos.
16:21 of 3rd period - Stopped by Jet Greaves with a rebound.
16:35 of 3rd period - Johnny Gaudreau is hit by Sean Durzi and loses puck.
17:04 of 3rd period - Jakob Chychrun is hit by Gabriel Vilardi and loses puck.
Goals for this period are 3 for Ducks vs 2 for Kings.
Shots for this period are 17 for Ducks vs 14 for Kings.

Overtime #1


0:01 of 1st overtime period - Oskar Sundqvist wins face-off versus Gabriel Vilardi in neutral zone.
0:16 of 1st overtime period - Snap shot by Sammy Blais.
0:16 of 1st overtime period - Shot Misses the Net.
0:46 of 1st overtime period - Slapshot by Thomas Chabot.
0:46 of 1st overtime period - Shot Blocked by Kevin Labanc.
0:48 of 1st overtime period - Snap shot by Nick Ritchie.
0:48 of 1st overtime period - Shot Misses the Net.
0:50 of 1st overtime period - Slapshot by Thomas Chabot.
0:50 of 1st overtime period - Shot Misses the Net.
1:41 of 1st overtime period - Icing by Kevin Labanc.
1:42 of 1st overtime period - Gabriel Vilardi wins face-off versus Morgan Geekie in Kings zone.
3:45 of 1st overtime period - Timo Meier is hit by Jordan Oesterle and loses puck.
Goals for this period are 0 for Ducks vs 0 for Kings.
Shots for this period are 0 for Ducks vs 0 for Kings.

ShootOut


5:00 of 1st overtime period - Round #1.
5:00 of 1st overtime period - Ducks, Steven Stamkos.
5:00 of 1st overtime period - Deke by Steven Stamkos.
5:00 of 1st overtime period - Goal by Steven Stamkos.
5:00 of 1st overtime period - Kings, Tom Wilson.
5:00 of 1st overtime period - Snap shot by Tom Wilson.
5:00 of 1st overtime period - Stopped by Carter Hart.
5:00 of 1st overtime period - Round #2.
5:00 of 1st overtime period - Ducks, Mark Stone.
5:00 of 1st overtime period - Wrist shot by Mark Stone.
5:00 of 1st overtime period - Stopped by Jet Greaves.
5:00 of 1st overtime period - Kings, Warren Foegele.
5:00 of 1st overtime period - Snap shot by Warren Foegele.
5:00 of 1st overtime period - Goal by Warren Foegele.
5:00 of 1st overtime period - Round #3.
5:00 of 1st overtime period - Ducks, Johnny Gaudreau.
5:00 of 1st overtime period - Backhand shot by Johnny Gaudreau.
5:00 of 1st overtime period - Goal by Johnny Gaudreau.
5:00 of 1st overtime period - Kings, Derek Stepan.
5:00 of 1st overtime period - Deke by Derek Stepan.
5:00 of 1st overtime period - Shot Misses the Net.